 Dungeon Crawl Stone Soup version 0.29.1-1-gd02db6906a (webtiles) character file.

Game seed: 6174901262117710363

256 Icepheonix32 the Covered (level 5, -1/69 (70) HPs)
             Began as a Minotaur Fighter on Sept 20, 2022.
             Slain by Crazy Yiuf
             ... wielding a +4 quarterstaff of chaos
              (8 damage)
             ... on level 3 of the Dungeon.
             The game lasted 00:03:13 (2520 turns).

Icepheonix32 the Covered (Minotaur Fighter)         Turns: 2520, Time: 00:03:14

HP:   -1/69 (70)    AC: 22    Str: 21    XL:     5   Next: 92%
MP:   3/4           EV:  2    Int:  5    God:
Gold: 156           SH:  5    Dex: 11    Spells: 4/4 levels left

rFire   . . .      SeeInvis .   o - +1 club (spect)
rCold   . . .      Faith    .   c - +0 buckler
rNeg    . . .      Spirit   .   (body armour currently unavailable)
rPois   +          Reflect  .   (helmet currently unavailable)
rElec   .          Harm     .   (cloak currently unavailable)
rCorr   .          Rampage  .   (gloves currently unavailable)
Will    .....      NoTele   +   (boots currently unavailable)
Stlth   +.........              (no amulet)
HPRegen 0.21/turn               (no ring)
MPRegen 0.09/turn               (no ring)

@: agile, tree-form, lightly drained
A: stationary, stasis, torment immunity, boosted hp, (horns 2), (retaliatory
headbutt)
a: no special abilities


You were on level 3 of the Dungeon.
You were a tree.
You visited 1 branch of the dungeon, and saw 3 of its levels.

You collected 156 gold pieces.

Inventory:

Hand Weapons
 e - a +2 dagger of protection
 g - a +1 vampiric dagger
 o - a +1 spectral club (weapon)
Armour
 b - a +0 scale mail (melded)
 c - a +0 buckler (worn)
 i - a +1 chain mail of willpower
 j - a +0 cloak (melded)
 l - a +0 pair of gloves (melded)
Wands
 f - a wand of paralysis (4)
 p - a wand of polymorph (6)
Scrolls
 a - a scroll of torment {unknown}
 d - 2 scrolls of teleportation {unknown}
 m - 2 scrolls of vulnerability
 q - a scroll of identify
Potions
 k - a potion of invisibility {unknown}


   Skills:
 + Level 4.7 Fighting
 + Level 2.8 Short Blades
 - Level 2.5 Axes
 * Level 5.4 Armour
 + Level 1.8 Dodging
 + Level 0.2 Stealth
 + Level 4.4 Shields


You had 4 spell levels left.
You didn't know any spells.
Your spell library contained the following spells:

 Spells                   Type           Power      Damage    Failure   Level
 Call Canine Familiar     Summ           0%         N/A       90%         3
 Conjure Flame            Conj/Fire      0%         6-21      90%         3
 Frozen Ramparts          Ice            0%         1d1       90%         3
 Ignite Poison            Fire/Tmut/Pois 0%         N/A       90%         3
 Portal Projectile        Hex/Tloc       0%         N/A       90%         3
 Ice Form                 Ice/Tmut       0%         N/A       100%        4
 Leda's Liquefaction      Hex/Erth       0%         N/A       100%        4
 Sticky Flame             Conj/Fire      0%         2d3       100%        4
 Summon Ice Beast         Ice/Summ       0%         N/A       100%        4


Dungeon Overview and Level Annotations

Branches:
Dungeon (3/15)

Altars:

Annotations:
D:3 Crazy Yiuf


Innate Abilities, Weirdness & Mutations

You are a tree.
Your roots penetrate the ground, keeping you stationary.
You cannot be teleported.
You are immune to unholy pain and torment.
Your maximum health is greatly increased.
Your equipment is partially melded.
((You have a pair of horns on your head.))
((You reflexively headbutt those who attack you in melee.))


Message History

You block Crazy Yiuf's attack.
You hit Crazy Yiuf.
Crazy Yiuf is heavily wounded.
Crazy Yiuf cries, "Papa!
You hand canine."
Crazy Yiuf hits you but does no damage.
You feel agile all of a sudden. Crazy Yiuf hits you but does no damage.
You closely miss Crazy Yiuf.
Crazy Yiuf is heavily wounded.
You block Crazy Yiuf's attack.
You closely miss Crazy Yiuf.
Crazy Yiuf is heavily wounded.
Crazy Yiuf hits you with a +4 quarterstaff of chaos.
* * * LOW HITPOINT WARNING * * *
You barely miss Crazy Yiuf.
Crazy Yiuf is heavily wounded.
Crazy Yiuf barely misses you.
You barely miss Crazy Yiuf.
Crazy Yiuf is heavily wounded.
Crazy Yiuf hits you with a +4 quarterstaff of chaos.
* * * LOW HITPOINT WARNING * * *
Crazy Yiuf hits you but does no damage.
You barely miss Crazy Yiuf.
Crazy Yiuf is heavily wounded.
Crazy Yiuf hits you but does no damage.
You closely miss Crazy Yiuf.
Crazy Yiuf is heavily wounded.
Crazy Yiuf hits you but does no damage.
You easily resist.
You closely miss Crazy Yiuf.
Crazy Yiuf is heavily wounded.
Crazy Yiuf laughs, "Snurf!"
Crazy Yiuf hits you with a +4 quarterstaff of chaos!
* * * LOW HITPOINT WARNING * * *
You closely miss Crazy Yiuf.
Crazy Yiuf is heavily wounded.
Crazy Yiuf hits you but does no damage. You block Crazy Yiuf's attack.
You hit Crazy Yiuf.
Crazy Yiuf is severely wounded.
Crazy Yiuf hits you with a +4 quarterstaff of chaos!
You die...

÷........### #...#
)........# ...
.........# #'#
.........# ##.#
###.###### #.## #.#
##.# #.# #.## #.#
##g## #.# #.P♣## #
#.# #.PP.# ###.#
#....# ##..#
#####..## ##.##
#.......#
...########.##...##
#..<..##....######
......[..####
#.....####


You could see Crazy Yiuf.

Vanquished Creatures
  A phantom (D:3)
  Jessica (D:3)
  Ijyb (D:3)
  Robin (D:3)
  4 adders
  A worm (D:3)
  An orc (D:3)
  5 endoplasms
  2 giant cockroaches
  15 goblins
  12 hobgoblins
  4 quokkas
  3 ball pythons
  8 bats
  4 frilled lizards
  6 kobolds
  7 rats
76 creatures vanquished.

Notes
Turn   | Place    | Note
-------+----------+-------------------------------------------
     0 | D:1      | Icepheonix32 the Minotaur Fighter began the quest for the
                  | Orb.
     0 | D:1      | Reached XP level 1. HP: 19/19 MP: 0/0
   277 | D:1      | Reached XP level 2. HP: 27/27 MP: 1/1
   598 | D:1      | Found a faded altar of an unknown god.
   652 | D:1      | Reached skill level 4 in Armour
   900 | D:2      | Reached XP level 3. HP: 31/33 MP: 2/2
  1553 | D:2      | Reached skill level 1 in Short Blades
  1565 | D:2      | Reached skill level 1 in Dodging
  1568 | D:2      | Reached XP level 4. HP: 35/41 MP: 3/3
  1769 | D:3      | Noticed Ijyb
  1775 | D:3      | Paralysed by Ijyb for 5 turns
  1788 | D:3      | Killed Ijyb
  1960 | D:3      | Noticed Robin
  1968 | D:3      | Killed Robin
  2007 | D:3      | Noticed a phantom
  2022 | D:3      | Killed a phantom
  2023 | D:3      | Reached skill level 5 in Armour
  2023 | D:3      | Reached XP level 5. HP: 42/47 MP: 4/4
  2278 | D:3      | Noticed Jessica
  2286 | D:3      | Killed Jessica
  2314 | D:3      | Found a runed translucent door.
  2315 | D:3      | Noticed Crazy Yiuf
  2520 | D:3      | Slain by Crazy Yiuf

Illustrated notes

Levels and vault maps discovered:
D:1:      dpeg_arrival_round_a, layout_basic,
          hellmonk_ecumenical_altar_leap_of_faith
D:2:      layout_basic
D:3:      layout_rooms, lightli_corner_chamber, uniq_ijyb, uniq_robin,
          uniq_jessica, uniq_crazy_yiuf_cottage

Skill      XL: |  1  2  3  4 |
---------------+-------------+-----
Fighting       | 4 |  4.7
Shields        | 4 |  4.4
Armour         | 4 5 |  5.4
Short Blades   | 1 2 |  2.8
Dodging        | 1 |  1.8
Axes           | |  2.5
Stealth        | |  0.2

Action                   |  1- 3 |  4- 6 || total
-------------------------+-------+-------++-------
Melee: War axe           |     9 |       ||     9
       Dagger            |   111 |    85 ||   196
       Headbutt          |    19 |    13 ||    32
       Club              |       |    17 ||    17
  Use: Potion            |       |     7 ||     7
       Scroll            |       |     3 ||     3
Armor: Scale mail        |    77 |    38 ||   115
       Skin              |       |     7 ||     7
Dodge: Dodged            |    56 |    26 ||    82
Block: Buckler           |    26 |    19 ||    45
